 Dungeon Crawl Stone Soup version 0.29.0-5-ge4962eb29e (webtiles) character file.

Game seed: 3775793351713677244

1357 FluffGlitter the Magician (level 8, 0/41 HPs)
             Began as a Deep Elf Fire Elementalist on Aug 28, 2022.
             Slain by a lemure (5 damage)
             ... led by Pikel
             ... on level 5 of the Dungeon.
             The game lasted 00:43:12 (10240 turns).

FluffGlitter the Magician (DEFE)                   Turns: 10240, Time: 00:43:13

Health: 0/41       AC:  3    Str:  5    XL:     8   Next: 37%
Magic:  19/29      EV: 14    Int: 23    God:
Gold:   226        SH:  0    Dex: 15    Spells: 13/21 levels left

rFire   . . .      SeeInvis .   b - staff of conjuration
rCold   . . .      Faith    .   (no shield)
rNeg    . . .      Spirit   .   f - +0 robe
rPois   .          Reflect  .   (no helmet)
rElec   .          Harm     .   z - +0 cloak
rCorr   .          Rampage  .   (no gloves)
Will    .....                   (no boots)
Stlth   +++.......              (no amulet)
HPRegen 0.13/turn               v - ring of wizardry
MPRegen 0.21/turn               x - ring of magical power

@: no status effects
A: no striking features
a: no special abilities


You were on level 5 of the Dungeon.
You visited 1 branch of the dungeon, and saw 6 of its levels.
You also visited: Ossuary.

You collected 226 gold pieces.

Inventory:

Hand Weapons
 a - a +0 dagger
 c - a +0 sling
Armour
 f - a +0 robe (worn)
 z - a +0 cloak (worn)
Magical Staves
 b - a staff of conjuration (weapon)
Jewellery
 v - a ring of wizardry (left hand)
 x - a ring of magical power (right hand)
Wands
 w - a wand of mindburst (13)
 A - a wand of charming (13)
 C - a wand of light (8)
Scrolls
 i - a scroll of noise {unknown}
 j - a scroll of identify
 m - a scroll of poison {unknown}
 n - a scroll of amnesia {unknown}
 p - 3 scrolls of magic mapping {unknown}
 t - a scroll of blinking {unknown}
 B - a scroll of enchant armour {unknown}
Potions
 d - 3 potions of heal wounds {unknown}
 e - 6 potions of cancellation
 g - a potion of mutation {unknown}
 h - a potion of might {unknown}
 k - 2 potions of ambrosia {unknown}
 l - a potion of flight {unknown}
 q - a potion of degeneration {unknown}
 r - 2 potions of brilliance {unknown}
 s - a potion of lignification {unknown}
 u - 4 potions of invisibility {unknown}
 y - 2 potions of magic


   Skills:
 - Level 5.6 Dodging
 - Level 5.9 Stealth
 + Level 7.0 Spellcasting
 + Level 5.2 Conjurations
 + Level 6.2 Fire Magic


You had 13 spell levels left.
You knew the following spells:

 Your Spells              Type           Power      Damage    Failure   Level
a - Foxfire               Conj/Fire      100%       2x1d9     1%          1
b - Conjure Flame         Conj/Fire      51%        6-21      1%          3
c - Inner Flame           Hex/Fire       22%        N/A       2%          3
d - Necrotise             Necr           32%        1d5       3%          1

Your spell library contained the following spells:

 Spells                   Type           Power      Damage    Failure   Level
 Scorch                   Fire           72%        2d9       1%          2
 Flame Wave               Conj/Fire      51%        2d13      3%          4
 Vampiric Draining        Necr           8%         2d6       9%          3
 Agony                    Necr           8%         N/A       61%         5


Dungeon Overview and Level Annotations

Branches:
Dungeon (6/15)            Ossuary (visited)
 Temple: D:4-7

Altars:
Gozag
Makhleb
Ru
Xom
The Shining One

Annotations:
D:3 2 transporters, Tungsten's ghost, amateur OgFE
D:5 Pikel


Message History

The lemure barely misses you. The lemure hits you.
Casting: Foxfire (safe; 1% risk of failure)
Confirm with . or Enter, or press ? or * to list all spells.
Okay, then.
Casting: Foxfire (safe; 1% risk of failure)
Confirm with . or Enter, or press ? or * to list all spells.
You feel a surge of power!
You conjure some foxfire!
The lemure hits you but does no damage. The lemure hits you.
The lemure closely misses you.
The foxfire hits Pikel.
Pikel is moderately wounded.
The lemure closely misses you. The lemure hits you!
* * * LOW HITPOINT WARNING * * *
The lemure closely misses you.
You feel better. The lemure closely misses you. The lemure barely misses you.
The lemure hits you.
Casting: Foxfire (safe; 1% risk of failure)
Confirm with . or Enter, or press ? or * to list all spells.
You feel a surge of power!
You conjure some foxfire!
The lemure misses you. The lemure hits you.
* * * LOW HITPOINT WARNING * * *
The lemure hits you but does no damage.
You feel better.
The foxfire hits Pikel but does no damage.
Pikel is moderately wounded.
Pikel says, "You'll feel the lick of my whip!"
The lemure hits you.
* * * LOW HITPOINT WARNING * * *
The lemure hits you.
* * * LOW HITPOINT WARNING * * *
The lemure barely misses you.
You feel better. The lemure barely misses you. The lemure hits you!
* * * LOW HITPOINT WARNING * * *
The lemure barely misses you.
You closely miss the lemure.
The lemure is moderately wounded.
The lemure hits you.
* * * LOW HITPOINT WARNING * * *
The lemure barely misses you. The lemure hits you.
You die...

#.# #.#.#####'#.#..>....
#.# #.#.##......#.......
#.# #.#.##......#.......
#.###.#.##..........####
#.##..........#...#.#
#.###.#.#############
#.###.....# #.....5555#
#####v#@#§# . #.#§#.#
#... #.#K..# ##..
####.#.#.# ##.
#........# ## #.##.#.#.#
#.####.#.# #........#
### ## ## #.####.#.# #.#
..###.#


You could see Pikel and 4 lemures.

Vanquished Creatures
  Sigmund (D:2)
  A sky beast (D:5)
  A phantom (D:5)
  A necrophage (D:5)
  5 water moccasin zombies (Ossuary)
  A scorpion (D:5)
  4 hounds
  A jelly (D:5)
  An orc priest (D:3)
  Ijyb (D:5)
  Natasha (twice) (D:2)
  6 iguanas
  An orc wizard (D:3)
  2 mummies (Ossuary)
  4 adders (D:3)
  An ufetubus (D:5)
  5 adder zombies
  3 worms
  5 dart slugs
  7 orcs (D:3)
  9 ball pythons
  2 bats
  A bat skeleton (D:2)
  A bat zombie (D:2)
  7 endoplasms
  3 giant cockroaches
  6 goblins
  4 hobgoblins
  15 kobolds
  2 quokkas
  A ball python skeleton (D:2)
  7 frilled lizards (D:1)
  11 hobgoblin zombies (Ossuary)
  A jackal zombie (D:2)
  4 kobold zombies (Ossuary)
  2 orc zombies (Ossuary)
  7 rats
136 creatures vanquished.

Vanquished Creatures (collateral kills)
  3 foxfires (D:4)
3 creatures vanquished.

Vanquished Creatures (others)
  587 foxfires
  17 plants
604 creatures vanquished.

Grand Total: 743 creatures vanquished

Notes
Turn   | Place    | Note
-------+----------+-------------------------------------------
     0 | D:1      | FluffGlitter the Deep Elf Fire Elementalist began the quest
                  | for the Orb.
     0 | D:1      | Reached XP level 1. HP: 10/10 MP: 6/6
   584 | D:1      | Reached XP level 2. HP: 15/15 MP: 0/8
   699 | D:1      | You fall into a shaft and drop 1 floor!
   853 | D:1      | Found a faded altar of an unknown god.
  1566 | D:1      | Reached XP level 3. HP: 19/19 MP: 3/9
  2376 | D:2      | Noticed Sigmund
  2381 | D:2      | Killed Sigmund
  2382 | D:2      | Reached skill level 4 in Spellcasting
  2382 | D:2      | Reached XP level 4. HP: 24/24 MP: 6/12
  2382 | D:2      | Reached XP level 5. HP: 28/28 MP: 6/13
  2435 | D:2      | Learned a level 3 spell: Conjure Flame
  2878 | D:2      | Noticed Natasha
  2883 | D:2      | Killed Natasha
  3184 | D:3      | Found a transporter.
  3840 | D:2      | Noticed Natasha
  3848 | D:2      | Killed Natasha
  4110 | D:4      | Reached XP level 6. HP: 32/32 MP: 9/15
  4457 | D:5      | Entered Level 5 of the Dungeon
  4640 | D:4      | Found a sacrificial altar of Ru.
  4640 | D:4      | Found a shimmering altar of Xom.
  4640 | D:4      | Found a burning altar of Makhleb.
  4661 | D:4      | Found a sand-covered staircase.
  4674 | Ossuary  | Entered an ossuary
  4855 | Ossuary  | Reached skill level 5 in Spellcasting
  5715 | Ossuary  | Reached skill level 5 in Fire Magic
  5715 | Ossuary  | Reached XP level 7. HP: 27/36 MP: 7/17
  5729 | Ossuary  | Reached skill level 5 in Stealth
  6175 | Ossuary  | Reached skill level 5 in Dodging
  7060 | D:3      | Found a transporter.
  7116 | D:3      | Noticed Tungsten's ghost (amateur OgFE)
  7923 | D:3      | Found an opulent altar of Gozag.
  8067 | D:3      | Found a glowing golden altar of the Shining One.
  8512 | D:4      | Learned a level 3 spell: Inner Flame
  8998 | D:5      | Reached skill level 6 in Spellcasting
  9197 | D:5      | Reached XP level 8. HP: 41/41 MP: 19/19
  9323 | D:5      | Learned a level 1 spell: Necrotise
  9853 | D:5      | Noticed Ijyb
  9876 | D:5      | Killed Ijyb
 10091 | D:5      | Reached skill level 5 in Conjurations
 10173 | D:5      | Reached skill level 7 in Spellcasting
 10208 | D:5      | Noticed Pikel
 10240 | D:5      | Slain by a lemure

Illustrated notes

Levels and vault maps discovered:
D:1:      scummos_arrival_gate, layout_loops_cross,
          chequers_ecumenical_altar_simple_redux, dk_noncrumbling_2,
          minmay_lizard_pond
D:2:      layout_basic, serial_undead, serial_undead_d, serial_undead_f,
          serial_undead_e, serial_undead_b, kennysheep_generic_room_3,
          uniq_sigmund, uniq_natasha
D:3:      layout_basic, mainiacjoe_overflow_alcove_2,
          nicolae_tso_swordbearing_angel, gammafunk_ghost_mausoleum,
          minmay_shallow_snake_nest
D:4:      layout_basic, gammafunk_temple_overflow_claw, serial_bayou,
          serial_bayou_lagoon_a, serial_bayou_ford_a, serial_bayou_lake_a,
          serial_bayou_pond_e, chequers_ossuary_entry_cave, grunt_ministairs_6
D:5:      layout_basic, uniq_ijyb, uniq_crazy_yiuf_cottage, uniq_pikel
D:6:      layout_loops_ring, minmay_temple_entry_sparse_star, serial_shops,
          nicolae_shop_advertising_works [nicolae_subvault_shop_adworks],
          uniq_maggie

Skill      XL: |  1  2  3  4  5  6  7  8 |
---------------+-------------------------+-----
Stealth        | 3 4 5 |  5.9
Dodging        | 3 4 5 |  5.6
Spellcasting   | 4 5 6 7 |  7.0
Conjurations   | 2 3 4 5 |  5.2
Fire Magic     | 4 5 6 |  6.2

Action                   |  1- 3 |  4- 6 |  7- 9 || total
-------------------------+-------+-------+-------++-------
Melee: Dagger            |       |     7 |       ||     7
       Staff             |       |       |     4 ||     4
 Cast: Foxfire           |    69 |   105 |   176 ||   350
       Conjure Flame     |       |    21 |    22 ||    43
       Inner Flame       |       |       |     2 ||     2
       Necrotise         |       |       |     2 ||     2
  Use: Scroll            |       |     2 |       ||     2
       Potion            |       |       |     4 ||     4
Armor: Robe              |     1 |     8 |     6 ||    15
Dodge: Dodged            |    10 |    37 |    33 ||    80
